 Dungeon Crawl Stone Soup version 0.18.1-48-g4cf74bf (webtiles) character file.

31921 Heedrag the Destroyer (level 13, 0/66 HPs)
             Began as a Deep Elf Conjurer on Aug 6, 2016.
             Was a High Priest of Vehumet.
             Slain by a black mamba (5 damage)
             ... on level 6 of the Lair of Beasts.
             The game lasted 00:54:53 (17699 turns).

Heedrag the Destroyer (Deep Elf Conjurer)          Turns: 17699, Time: 00:54:54

Health: 0/66       AC: 11    Str:  9    XL:     13   Next: 28%
Magic:  2/31       EV: 20    Int: 20    God:    Vehumet [*****.]
Gold:   921        SH:  9    Dex: 15    Spells: 5 memorised, 20 levels left

rFire  . . .     SeeInvis .     P - +4 scimitar (flame)
rCold  + . .     Gourm    +     B - +0 robe {rN+}
rNeg   + . .     Faith    .     q - +0 shield
rPois  .         Spirit   .     D - +2 helmet
rElec  .         Dismiss  .     l - +0 cloak
rCorr  .         Reflect  .     f - +0 pair of gloves
SustAt .         Harm     .     W - +1 pair of boots
MR     +....                    Q - amulet of the gourmand
Stlth  ++........               y - -2 ring of intelligence (curse)
                                N - +4 ring of evasion

@: lethally poisoned (0 -> -6), somewhat resistant to hostile enchantments,
unstealthy
A: yellow scales 1, cold resistance 1, frail 1, screaming 1, no device heal 1,
subdued magic 1
a: Renounce Religion


You were on level 6 of the Lair of Beasts.
You worshipped Vehumet.
Vehumet was extremely pleased with you.
You were very full.

You visited 3 branches of the dungeon, and saw 19 of its levels.
You also visited: Ossuary.

You collected 921 gold pieces.

Inventory:

Hand Weapons
 P - a +4 scimitar of flaming (weapon)
Armour
 a - a +0 buckler
 b - the +3 hat of Pondering {ponderous, MR+ MP+10 Int+5}
   (You took it off Gastronok on level 2 of the Lair of Beasts)

   It affects your intelligence (+5).
   It affects your resistance to hostile enchantments.
   It affects your magic capacity (+10).
 f - a +0 pair of gloves (worn)
 l - a +0 cloak (worn)
 q - a +0 shield (worn)
 t - a +1 robe of fire resistance
 B - a +0 robe of positive energy (worn)
 D - a +2 helmet (worn)
 W - a +1 pair of boots (worn)
 X - a +0 troll leather armour
Jewellery
 g - an uncursed ring of protection from fire
 p - an uncursed ring of fire
 y - a cursed -2 ring of intelligence (right hand)
 K - a +3 ring of evasion
 L - an uncursed ring of protection from cold
 M - an uncursed ring of protection from magic {unknown}
 N - a +4 ring of evasion (left hand)
 Q - an amulet of the gourmand (around neck)
 T - an uncursed ring of fire
Wands
 u - a wand of digging (14/24)
 O - a wand of confusion (22/48)
 U - a wand of random effects (19/48)
 V - a wand of paralysis (17/24)
Scrolls
 d - 5 scrolls of amnesia {unknown}
 e - 16 scrolls of identify
 h - 5 scrolls of recharging {unknown}
 i - 12 scrolls of remove curse {unknown}
 j - 11 scrolls of teleportation {unknown}
 n - 3 scrolls of enchant armour
 o - 4 scrolls of fear {unknown}
 s - 4 scrolls of enchant weapon
 v - a scroll of magic mapping
 H - 5 scrolls of immolation {unknown}
 J - 3 scrolls of blinking
Potions
 m - a potion of heal wounds
 r - a potion of haste
 w - 2 potions of magic
 A - a potion of agility
 C - 4 potions of curing
 E - 2 potions of flight
 G - a potion of might
Books
 F - a book of the Sky

   Spells                             Type                      Level
   a - Summon Lightning Spire         Summoning/Air                4
   b - Airstrike                      Air                          4
   c - Silence                        Hexes/Air                    5
   d - Deflect Missiles               Charms/Air                   6
   e - Conjure Ball Lightning         Conjuration/Air              6
   f - Tornado                        Air                          9
Comestibles
 c - 11 bread rations
 k - 14 fruits
 x - a slice of pizza
 z - 6 meat rations
 R - 9 royal jellies
 S - 6 beef jerkies


   Skills:
 + Level 6.2 Fighting
 + Level 9.9 Dodging
 - Level 2.4 Stealth
 + Level 5.3 Shields
 + Level 12.4 Spellcasting
 * Level 14.7 Conjurations
 - Level 10.0 Charms
 + Level 7.6 Fire Magic


You had 20 spell levels left.
You knew the following spells:

 Your Spells              Type           Power        Failure   Level  Hunger
a - Magic Dart            Conj           ####         1%          1    None
b - Dazzling Spray        Conj/Hex       ####..       1%          3    None
c - Iskenderun's Mystic   Conj           ######..     1%          4    #......
d - Iskenderun's Battles  Conj/Chrm      #####...     1%          5    ####...
e - Inner Flame           Hex/Fire       ###.....     3%          3    None


Dungeon Overview and Level Annotations

Branches:
Dungeon (12/15)            Temple (1/1) D:4            Lair (6/8) D:10
  Swamp (0/4) Lair:3       Spider (0/4) Lair:4          Orc (0/2) D:9
  Slime: Lair:6-8

Altars:
Ashenzari
Cheibriados
Dithmenos
Elyvilon
Fedhas
Gozag
Kikubaaqudgha
Makhleb
Nemelex Xobeh
Okawaru
Pakellas
Qazlal
Ru
Sif Muna
Trog
Vehumet
Xom
Yredelemnul
Zin
The Shining One

Annotations:
D:3 bunjiquo's ghost, amateur DsBe
D:7 Dowan


Innate Abilities, Weirdness & Mutations

You are partially covered in yellow scales (AC +2).
Your flesh is cold resistant.
You are frail (-10% HP).
You occasionally shout uncontrollably at your foes.
Potions and wands are less effective at restoring your health.
Your spells are a little easier to cast, but a little less powerful.


Message History

Ye feel sick.
Tha black mamba closely misses ye.
Castin': Iskenderun's Battlesphere Confirm wit' . or Enter, or press ? or * ta list all spells.
Okay, than.
Ye barely miss tha black mamba.
Tha black mamba be moderately wounded.
Ye hear tha stately tickin' o' a distant clock.
Ye feel sick.
Tha black mamba completely misses ye.
Ye block tha black mamba's attack.
Tha crocodile closely misses ye.
Tha black mamba completely misses ye.
Tha crocodile completely misses ye.
Ye hit tha black mamba but do nay damage.
Tha black mamba be moderately wounded.
Ye feel sick.
Tha black mamba barely misses ye.
Tha black mamba closely misses ye.
Tha crocodile bites ye.
* * * LOW HITPOINT WARNIN'
* * * Ye hit tha black mamba.
Ye burn tha black mamba.
Tha black mamba be moderately wounded.
* * * LOW HITPOINT WARNIN'
* * * Ye feel sick.
Tha black mamba completely misses ye.
Tha black mamba bites ye.
Ye die...

#....# #..........# #....#
#P.#....# #P..# ##†>.#
#.##P<.# ##.#..# # #....+###
##...P+#.## ##......##
####.t.P.....#
#P..#.#.###P.#.........PP
....+.....+.t...##.......P..
P...P..#..P@S...........P.P<
..P........###.##.#..........
..##...#P... ######..........
#P #####.P### #........##
#### #.#...#.#. #########


You could see a black mamba and a crocodile.

Vanquished Creatures
  Gastronok (Lair:2)
  Snorg (Lair:5)
  Harold (Lair:2)
  Josephine (Lair:4)
  A hydra (Lair:5)
  Erica (D:8)
  A cyclops (D:10)
  An elephant (D:10)
  A black mamba (Lair:5)
  2 spiny frogs (Lair:3)
  2 rime drakes
  Psyche (D:8)
  4 komodo dragons
  A polar bear (Lair:5)
  A two-headed ogre (D:11)
  5 trolls
  Grinder (D:5)
  14 blink frogs
  4 wraiths
  3 wyverns
  44 yaks
  2 basilisks
  8 hippogriffs
  5 swamp worms (Lair:3)
  A mottled dragon (D:10)
  A soldier ant (D:8)
  10 water moccasins
  13 porcupines
  Duvessa (D:7)
  3 orc warriors
  2 sky beasts
  A black bear (D:7)
  2 wasps
  6 ogres
  5 phantoms
  2 centaurs
  8 crocodiles
  Blork the orc (D:5)
  A big kobold (D:11)
  10 giant frogs
  A gnoll sergeant (D:10)
  A wyvern zombie (Ossuary)
  A wyvern skeleton (D:11)
  3 scorpions
  3 wights (D:9)
  4 killer bees (D:10)
  An electric eel (Lair:3)
  2 howler monkeys (D:11)
  4 bog bodies (Ossuary)
  5 crimson imps
  3 giant frog zombies
  9 hounds
  4 centaur zombies
  A jelly (D:5)
  Crazy Yiuf (D:5)
  12 orc priests
  A wasp zombie (Ossuary)
  11 orc wizards
  A centaur skeleton (D:11)
  A giant frog skeleton (D:5)
  Jessica (D:3)
  5 iguanas
  4 worker ants
  3 killer bee zombies (Ossuary)
  11 sheep
  A hound zombie (Ossuary)
  9 mummies (Ossuary)
  2 howler monkey zombies (Ossuary)
  A worker ant zombie (D:6)
  9 gnolls
  6 adders
  52 river rats
  2 shadow imps (D:6)
  An adder zombie (Ossuary)
  3 worms
  A dart slug (D:4)
  5 giant geckos
  45 orcs
  A ball python (D:3)
  4 giant cockroaches
  6 goblins (D:1)
  3 hobgoblins (D:2)
  13 jackals
  9 kobolds
  3 quokkas
  3 bats
  2 giant cockroach zombies
  3 giant newts
  A jackal zombie (Ossuary)
  2 quokka skeletons (D:5)
  A quokka zombie (Ossuary)
  4 rats
  A fungus (Lair:6)
459 creatures vanquished.

Vanquished Creatures (others)
  A soldier ant (D:8)
  2 river rats (Lair:2)
  2 fungi
  A plant (Lair:5)
  A withered plant (Ossuary)
7 creatures vanquished.

Grand Total: 466 creatures vanquished

Notes
Turn   | Place    | Note
--------------------------------------------------------------
     0 | D:1      | Heedrag the Deep Elf Conjurer began the quest for the Orb.
     0 | D:1      | Reached XP level 1. HP: 10/10 MP: 6/6
   215 | D:1      | Reached XP level 2. HP: 15/15 MP: 3/8
   802 | D:2      | You fall through a shaft!
   802 | D:3      | Found a glowing golden altar of the Shining One.
   881 | D:3      | Found a blossoming altar of Fedhas.
   881 | D:3      | Found a sparkling altar of Nemelex Xobeh.
   882 | D:3      | Found a radiant altar of Vehumet.
   897 | D:3      | Noticed Jessica
   900 | D:3      | Killed Jessica
   900 | D:3      | Reached skill level 5 in Conjurations
   900 | D:3      | Reached XP level 3. HP: 19/19 MP: 5/10
   922 | D:3      | Became a worshipper of Vehumet
  1036 | D:3      | Noticed bunjiquo's ghost (amateur DsBe)
  1371 | D:2      | Reached XP level 4. HP: 24/24 MP: 4/12
  1377 | D:2      | Learned a level 3 spell: Dazzling Spray
  1382 | D:2      | Learned a level 4 spell: Iskenderun's Mystic Blast
  1816 | D:3      | You fall through a shaft for 2 floors!
  1816 | D:5      | Entered Level 5 of the Dungeon
  1853 | D:5      | Reached skill level 6 in Conjurations
  1853 | D:5      | Reached XP level 5. HP: 20/28 MP: 1/14
  1877 | D:5      | Reached * piety under Vehumet
  1877 | D:5      | Offered knowledge of Sandblast by Vehumet.
  1942 | D:5      | Learned a level 5 spell: Iskenderun's Battlesphere
  1981 | D:5      | Noticed Blork the orc
  1994 | D:5      | Reached skill level 5 in Spellcasting
  2000 | D:5      | Reached skill level 1 in Charms
  2012 | D:5      | Noticed a phantom
  2037 | D:4      | Reached XP level 6. HP: 26/32 MP: 5/16
  2498 | D:4      | Found a staircase to the Ecumenical Temple.
  2543 | D:4      | Reached skill level 7 in Conjurations
  2561 | Temple   | Entered the Ecumenical Temple
  3338 | D:5      | Noticed a sky beast
  3347 | D:5      | Killed a sky beast
  3347 | D:5      | Reached XP level 7. HP: 34/36 MP: 2/18
  3462 | D:5      | Noticed Grinder
  3467 | D:5      | Killed Grinder
  3467 | D:5      | Reached skill level 8 in Conjurations
  3621 | D:5      | Killed Blork the orc
  3888 | D:5      | Noticed Crazy Yiuf
  3896 | D:5      | Killed Crazy Yiuf
  4063 | D:5      | Reached ** piety under Vehumet
  4063 | D:5      | Offered knowledge of Throw Frost by Vehumet.
  4063 | D:5      | Reached skill level 5 in Charms
  4063 | D:5      | Reached XP level 8. HP: 35/41 MP: 2/20
  4588 | D:6      | Reached skill level 9 in Conjurations
  5265 | D:6      | Offered knowledge of Ignite Poison by Vehumet.
  5584 | D:7      | Noticed Duvessa
  5585 | D:7      | Reached skill level 10 in Conjurations
  5588 | D:7      | Noticed Dowan
  5589 | D:7      | Killed Duvessa
  5589 | D:7      | Reached skill level 1 in Fighting
  5669 | D:8      | Reached XP level 9. HP: 47/47 MP: 12/23
  6056 | D:8      | Reached *** piety under Vehumet
  6090 | D:8      | Noticed Psyche
  6095 | D:8      | Killed Psyche
  6204 | D:8      | Found a sand-covered staircase.
  6209 | Ossuary  | Entered an ossuary
  6534 | Ossuary  | Offered knowledge of Inner Flame by Vehumet.
  6596 | Ossuary  | Reached skill level 11 in Conjurations
  7027 | D:8      | Learned a level 3 spell: Inner Flame
  7157 | D:8      | Noticed Erica
  7162 | D:8      | Killed Erica
  7162 | D:8      | Reached skill level 5 in Dodging
  7162 | D:8      | Reached skill level 1 in Fire Magic
  7162 | D:8      | Reached XP level 10. HP: 34/55 MP: 4/25
  7809 | D:9      | Reached **** piety under Vehumet
  8003 | D:9      | Reached skill level 1 in Shields
  8013 | D:9      | Offered knowledge of Static Discharge by Vehumet.
  8165 | D:9      | Reached skill level 10 in Spellcasting
  8272 | D:9      | Found a staircase to the Orcish Mines.
  8547 | D:10     | Entered Level 10 of the Dungeon
  8748 | D:10     | Reached skill level 12 in Conjurations
  8887 | D:10     | Reached XP level 11. HP: 60/60 MP: 11/27
  9089 | D:10     | Reached ***** piety under Vehumet
  9089 | D:10     | Offered knowledge of Bolt of Magma by Vehumet.
  9320 | D:10     | Found a staircase to the Lair.
  9344 | D:10     | Reached skill level 10 in Charms
 10241 | D:11     | Got a silken robe
 10242 | D:11     | Identified the +1 robe of Gluttony {Dex+2} (You found it on level 11 of the Dungeon)
 10340 | D:11     | Gained mutation: Your spells are a little easier to cast, but a little less powerful. [potion of mutation]
 10340 | D:11     | Gained mutation: You possess an exceptional clarity of mind. [potion of mutation]
 10340 | D:11     | Gained mutation: Your flesh is cold resistant. [potion of mutation]
 10341 | D:11     | Gained mutation: Potions and wands are less effective at restoring your health. [potion of mutation]
 10341 | D:11     | Gained mutation: You occasionally shout uncontrollably at your foes. [potion of mutation]
 11090 | D:11     | Gained mutation: You are frail (-10% HP). [potion of mutation]
 11090 | D:11     | Gained mutation: You are partially covered in yellow scales (AC +2). [potion of mutation]
 11090 | D:11     | Lost mutation: You possess an exceptional clarity of mind. [potion of mutation]
 11182 | Lair:1   | Entered Level 1 of the Lair of Beasts
 11340 | Lair:1   | Reached skill level 13 in Conjurations
 11356 | Lair:1   | Reached skill level 5 in Fire Magic
 12089 | Lair:1   | Reached skill level 5 in Fighting
 12344 | Lair:2   | Reached XP level 12. HP: 58/61 MP: 10/29
 12458 | Lair:2   | Noticed Gastronok
 12518 | Lair:2   | Killed Gastronok
 12906 | Lair:2   | Noticed Harold
 12932 | Lair:2   | Killed Harold
 14471 | Lair:3   | Found a staircase to the Swamp.
 15168 | Lair:4   | Reached skill level 14 in Conjurations
 15360 | Lair:4   | Noticed Josephine
 15368 | Lair:4   | Offered knowledge of Olgreb's Toxic Radiance by Vehumet.
 15371 | Lair:4   | Killed Josephine
 15623 | Lair:4   | Reached skill level 5 in Shields
 15951 | Lair:4   | Found a hole to the Spider Nest.
 16244 | Lair:4   | Reached XP level 13. HP: 66/66 MP: 16/31
 16484 | Lair:5   | Noticed Snorg
 16489 | Lair:5   | Killed Snorg
 17699 | Lair:6   | Slain by a black mamba

Skill      XL: |  1  2  3  4  5  6  7  8  9 10 11 12 13 |
---------------+----------------------------------------+-----
Spellcasting   | 4 5 6 7 8 9 10 11 12 | 12.4
Conjurations   | 5 6 7 8 10 11 12 13 14 | 14.7
Charms         | 1 3 5 7 8 9 10 | 10.0
Dodging        | 3 5 6 8 9 |  9.9
Fighting       | 1 2 3 5 6 |  6.2
Fire Magic     | 1 3 5 7 |  7.6
Shields        | 2 3 5 |  5.3
Stealth        | |  2.4

Action                   |  1- 3 |  4- 6 |  7- 9 | 10-12 | 13-15 || total
-------------------------+-------+-------+-------+-------+-------++-------
Melee: Dagger            |    29 |       |       |       |       ||    29
       Quarterstaff      |       |       |    25 |       |       ||    25
       Scimitar          |       |       |       |    39 |    11 ||    50
 Cast: Magic Dart        |    75 |   114 |   253 |   634 |    93 ||  1169
       Dazzling Spray    |       |     4 |       |       |       ||     4
       Iskenderun's Batt |       |     1 |    30 |   110 |    17 ||   158
       Iskenderun's Myst |       |       |    11 |    46 |    24 ||    81
  Use: Scroll            |       |       |     5 |     5 |       ||    10
       Potion            |       |       |     2 |    12 |     2 ||    16
  Eat: Chunk             |     1 |     6 |    15 |    45 |    21 ||    88
       Meat ration       |       |       |     1 |       |       ||     1
       Fruit             |       |       |     1 |       |       ||     1
       Beef jerky        |       |       |       |     1 |       ||     1
Armor: Robe              |     2 |     5 |    21 |    43 |     8 ||    79
       Skin              |       |       |     4 |       |       ||     4
Dodge: Dodged            |    19 |    17 |    77 |   238 |    45 ||   396
Block: Buckler           |       |       |       |    27 |       ||    27
       Shield            |       |       |       |    53 |    31 ||    84
